← All builds
Geo sea / Armada / Economy first / OBSERVED BUILD

Standard geo sea

Armada Geo sea build order · Supreme Isthmus

Shipyard in the cove backed by a bot lab, pushing out early submarines and destroyers to contest the sea while teching up to a geothermal plant around 7:46, the role's bread-and-butter naval contest.

Usually shipyard in the cove (87%)

#naval #eco · 758 distinct matches · 103 players · 80% of Armada Geo sea games · team won 54% of 808 · Recently observed

HOW TO PLAY IT

Key timing: Shipyard by 3:13

  1. Open 3 mex and wind into Bot Lab.
  2. Put up Shipyard with naval turret and BP for defense.
  3. Send out "submarine" then "destroyer" to contest the sea.
  4. Bring geothermal online to fund the fleet.
  5. Add Advanced Metal Extractor as the economy transitions.

Phase by phase

TYPICAL OF ITS 758 GAMES
  1. 1
  2. 2
  3. 3
  4. 4
PLAY THE OPENING

Follow the example game's first 6:00 step by step: what to build now, what comes next, and where it goes. At 1× it keeps pace with your own game.

  1. 1

    Up to the Bot Lab

    Economy
    • Metal Extractor3Mex
    • Wind Turbine3Wind
    Order
    1. Bot LabBot Lab after 3 mex, 3 winddone ~1:12, middle half 1:06–1:17

    Some games also: wind for allies (44%)

    By 0:55 in all: 3 mex · 3 wind

    The example game in this phase · 3 steps
    1. Mex ×3
    2. Wind ×4
    3. Bot LabBot Labdone 1:12 · typical 1:12
  2. 2

    Bot Lab to Shipyard

    Economy
    • Metal Extractor1Mex
    • Wind Turbine1Wind
    Order
    1. ShipyardShipyard after 4 mex, 4 winddone ~3:10, middle half 2:49–3:36
    Builders
    • Construction Bot3 Con bot
    • Lazarus2 Lazarus

    Some games also: pawn (43%) · con turret (37%) · crossbow (34%)

    By 2:47 in all: 4 mex · 4 wind

    The example game in this phase · 8 steps
    1. LazarusLazarus
    2. Construction BotCon bot ×2
    3. Mex
    4. Construction BotCon bot
    5. Wind
    6. LazarusLazarus
    7. Wind
    8. ShipyardShipyarddone 2:44 · typical 3:10
  3. 3

    Shipyard to 5:00

    Economy
    • Metal Extractor4Mex
    • Wind Turbine1Wind
    Builders
    • Construction Ship1 Con ship
    Army
    • Dolphin3 Dolphin
    • Skater1 Skater
    • Corsair1 Destroyer
    Other
    • Radar Tower1 Radar Tower

    Some games also: Sentry (44%) · submarine (44%) · converter (32%) · pawn (32%) · con turret (31%)

    By 5:00 in all: 8 mex · 7 wind · 1 energy storage · 1 con turret

    The example game in this phase · 28 steps
    1. LazarusLazarus
    2. Converter
    3. Mex
    4. Radar TowerRadar Tower
    5. Construction ShipCon ship
    6. TickTick
    7. Converter
    8. HarpoonHarpoon
    9. Wind
    10. CrossbowCrossbow
    11. SkaterSkater
    12. Wind
    13. Mex
    14. CrossbowCrossbow
    15. Wind
    16. DolphinDolphin
    17. Mex
    18. Radar TowerRadar Tower
    19. MaceMace
    20. CorsairDestroyerdone 5:10 · typical 5:35
    21. SentrySentry
    22. MaceMace
    23. Mex
    24. Wind
    25. Naval Construction Turret
    26. SentrySentry
    27. Wind ×2
    28. Energy storage
  4. 4

    5:00 to 10:00

    Economy
    • Metal Extractor2Mex
    • Wind Turbine12Wind
    • Energy Converter2Converter
    Builders
    • Construction Turret1 Con turret
    • Construction Ship1 Con ship
    • Grim Reaper1 Grim Reaper
    Army
    • Sentry1 Sentry
    • Dolphin5 Dolphin
    • Skater2 Skater
    • Corsair2 Destroyer

    Some games also: Radar Tower (48%) · geo (40%) · frigate (39%) · Harpoon (39%) · Naval Construction Turret (34%)

    By 10:00 in all: 11 mex · 19 wind · 1 geo · 4 converter · 1 energy storage · 2 con turret

    The example game in this phase · 83 steps
    1. HarpoonHarpoon
    2. SentrySentry
    3. CorsairDestroyer
    4. Wind ×2
    5. SentrySentry
    6. Wind
    7. CorsairDestroyer
    8. Wind
    9. Converter ×2
    10. Mex
    11. HarpoonHarpoon
    12. Naval Radar / Sonar TowerNaval Radar / Sonar Tower
    13. CorsairDestroyer
    14. HarpoonHarpoon
    15. Wind
    16. Con turret
    17. Wind ×2
    18. Advanced Metal ExtractorT2 mexdone 8:23 · typical 9:17
    19. Wind
    20. CorsairDestroyer
    21. Geothermal PowerplantGeodone 9:58 · typical 7:46
    22. Mex
    23. Advanced Metal ExtractorT2 mex
    24. HarpoonHarpoon
    25. Advanced Metal ExtractorT2 mex
    26. CorsairDestroyer
    27. HarpoonHarpoon
    28. Converter
    29. Mex
    30. Converter ×2
    31. CorsairDestroyer
    32. Grim ReaperGrim Reaper
    33. Advanced Metal ExtractorT2 mex
    34. Converter
    35. Naval Construction Turret
    36. Converter ×2
    37. Naval Construction Turret
    38. Grim ReaperGrim Reaper
    39. GuardGuard
    40. Naval Construction Turret ×2
    41. Tidal ×2
    42. SkaterSkater
    43. Tidal
    44. Grim ReaperGrim Reaper
    45. Tidal ×3
    46. SkaterSkater
    47. Advanced Metal ExtractorT2 mex
    48. Tidal
    49. Grim ReaperGrim Reaper
    50. Tidal
    51. Grim ReaperGrim Reaper
    52. Tidal
    53. SkaterSkater
    54. Tidal
    55. Grim ReaperGrim Reaper
    56. Tidal ×3
    57. SkaterSkater
    58. Tidal ×2
    59. Grim ReaperGrim Reaper
    60. Tidal
    61. SkaterSkater
    62. Tidal
    63. Naval Radar / Sonar TowerNaval Radar / Sonar Tower
    64. Advanced Metal ExtractorT2 mex
    65. Grim ReaperGrim Reaper
    66. Tidal
    67. CorsairDestroyer
    68. Tidal ×2
    69. CorsairDestroyer
    70. Tidal
    71. GuardGuard
    72. Tidal
    73. CorsairDestroyer
    74. Tidal
    75. GuardGuard
    76. CorsairDestroyer ×2
    77. SkaterSkater
    78. LazarusLazarus
    79. CorsairDestroyer ×4
    80. Advanced Geothermal PowerplantAdvanced Geothermal Powerplantnot finished by 15:00
    81. CorsairDestroyer ×2
    82. SkaterSkater
    83. CorsairDestroyer

Counts are medians over the build's games: half of them build more, half fewer. The example game is _X_'s (41 OS, 01/10/2026); pick another.

Team trades

IN AT LEAST 30% OF ITS GAMES

You hand over

  • Wind Turbine2 Wind to Airfirst at 1:41 · in 62% of games

You get

  • Finch1 Finch from Airfirst at 1:51 · in 74% of games
  • Hercules1 Light transport from Airfirst at 2:04 · in 63% of games
  • Advanced Construction Bot1 T2 con bot from Techfirst at 7:40 · in 89% of games

How it plays out

Typical game of this build, running totals by minute

Metal produced

010k20k30k
0:005:0010:0015:00

metal

Enemy metal destroyed

05k10k
0:005:0010:0015:00

metal

Own metal lost

02.5k5k7.5k
0:005:0010:0015:00

metal

808 games.

Show as table
ByMetal produced: This buildEnemy metal destroyed: This buildOwn metal lost: This build
1:0039500
2:0092800
3:00160200
4:002915051
5:00414517874
6:005554541307
7:0071111005646
8:00877317501052
9:001065425411692
10:001294534302273
11:001558446593178
12:001859557333936
13:002185669014793
14:002551379915646
15:002898891086662
WHAT THE NUMBERS SAY

Standard Armada geo sea nearly matches Cortex's economy numbers but wins slightly more often at 53%.

  • + Metal produced reaches 28785 by 15:00, the highest of the sea builds
  • + Own metal lost of 6895 stays well under enemy metal destroyed's 9048
  • − Geothermal only lands in 58% of games by 7:34
  • − T2 factory completes in only 40% of games by 12:43
THE EXAMPLE YOU ARE READING

_X_

40.5 OS · 01/10/2026

Open source match ↗

4 received units · includes a constructor
227 metal received · 61303 energy received

Allied construction assistance is unknown. Timings are observations, not a promise of solo reproducibility.

Typical milestones

Bot Lab1:12Middle 50%: 1:06–1:17 · n=775
Shipyard3:10Middle 50%: 2:49–3:36 · n=797
Eel4:21Middle 50%: 3:41–5:34 · n=478
Corsair5:35Middle 50%: 4:50–6:34 · n=746
Geothermal Powerplant7:46Middle 50%: 6:49–9:15 · n=494
Advanced Metal Extractor9:17Middle 50%: 8:36–10:06 · n=702

Played most by

_X_56games of this buildOptimusprimenutt52games of this buildKingBenjai49games of this buildhaaven44games of this buildRexalidus35games of this build